 Dungeon Crawl Stone Soup version 0.29-a0-330-g52719c12eb (webtiles) character file.

Game seed: 7481689164696106309

21 Alarak the Chopper (level 2, 26/26 HPs)
             Began as a Hill Orc Monk on May 21, 2022.
             Was a Believer of Kikubaaqudgha.
             Got out of the dungeon alive.
             The game lasted 00:04:05 (1388 turns).

Alarak the Chopper (Hill Orc Monk)                  Turns: 1388, Time: 00:04:05

Health: 26/26      AC:  6    Str: 13    XL:     2   Next: 87%
Magic:  2/2        EV:  9    Int: 10    God:    Kikubaaqudgha [**....]
Gold:   38         SH:  0    Dex: 13    Spells: 1/1 levels left

rFire   . . .      SeeInvis .   a - +0 hand axe
rCold   . . .      Faith    .   (no shield)
rNeg    . . .      Spirit   .   e - +0 scale mail
rPois   .          Reflect  .   (no helmet)
rElec   .          Harm     .   (no cloak)
rCorr   .          Rampage  .   (no gloves)
Will    .....                   (no boots)
Stlth   ..........              (no amulet)
HPRegen 0.08/turn               (no ring)
MPRegen 0.08/turn               (no ring)

@: no status effects
A: no striking features
a: Renounce Religion, Receive Corpses


You escaped.
You worshipped Kikubaaqudgha.
Kikubaaqudgha was pleased with you.
You visited 1 branch of the dungeon, and saw 1 of its levels.

You collected 38 gold pieces.

Inventory:

Hand Weapons
 a - a +0 hand axe (weapon)
Armour
 b - a +0 robe
 e - a +0 scale mail (worn)
Scrolls
 f - a scroll of blinking {unknown}
 g - a scroll of fear {unknown}
 j - a scroll of holy word {unknown}
Potions
 c - a potion of ambrosia
 d - a potion of curing {unknown}
 h - a potion of might {unknown}
 i - a potion of brilliance {unknown}


   Skills:
 - Level 3.6 Fighting
 - Level 5.3 Axes
 - Level 2.4 Dodging
 - Level 1.5 Stealth


You had one spell level left.
You didn't know any spells.
Your spell library contained the following spells:

 Spells                   Type           Power      Damage    Failure   Level
 Animate Skeleton         Necr           0%         N/A       88%         1
 Pain                     Necr           0%         1d4       88%         1
 Shock                    Conj/Air       0%         1d3       88%         1
 Sublimation of Blood     Necr           0%         N/A       96%         2
 Swiftness                Air            0%         N/A       99%         3
 Vampiric Draining        Necr           0%         2d6       99%         3
 Airstrike                Air            0%         N/A       100%        4


Dungeon Overview and Level Annotations

Branches:
Dungeon (1/15)

Altars:
Kikubaaqudgha


Message History

You barely miss the rat. You hit the plant.
A nearby plant withers and dies.
The rat bites you but does no damage.
You hit the rat.
You kill the rat!
Done exploring.
Done exploring.
Done exploring.
Search for what [Enter for "armor", or ? for help]? armor Search for what [Enter for "armor", or ? for help]? weapon
There is a faded altar of an unknown god here.
You cannot tell which god this altar belongs to.
Convert to them anyway?
Kikubaaqudgha accepts your prayer! Kikubaaqudgha welcomes you!
You can now receive cadavers from Kikubaaqudgha.
Kikubaaqudgha grants you a gift!
You add the spells Animate Skeleton, Pain, Sublimation of Blood and Vampiric Draining to your library.
Kikubaaqudgha is now protecting you from necromantic miscasts and death curses.
Okay, then.
Okay, then.
You don't know any spells.
Okay, then.
(D) Dungeon
Where to? (Enter - D:1 @ (x,y), ? - help)
Okay, then.
Unknown command.
Press < or > to pray at altars.
Unknown command.
Press < or > to pray at altars.
Search for what [Enter for "weapon", or ? for help]? gate Can't find anything matching that.
Search for what [Enter for "gate", or ? for help]?
Okay, then.
There is an open door here.
There is an open door here.
There is an open door here.
You enter the shallow water.
Moving in this stuff is going to be slow.
There is a staircase leading out of the dungeon here.
Are you sure you want to leave the Dungeon?
This will make you lose the game!
You have escaped!

# #.########...............#.#.#
#...............#.###.#..#.#.#
######..........#.###.#..#.#.#
### #..........#.##.......[.#
..#######.###........###.#.####.#
..'......................#.####.#
..###...#.######+####.##.#.##..(#
..# #...#.# #≈≈≈≈≈≈≈#.##.#.##...#
### #...#.###≈#≈@≈#≈#.##.#.##...#
##.....##≈###≈#≈#.##....'...#
#.....###≈≈≈≈≈≈#.#######...#
#.....##≈#######.#####...###
#.....###≈≈≈#..'.....#...###
#.....##≈##≈##.#.....#......
#.....##.##....#.....#.....)
######.....##'#######............
#..........##.#######.....#......


There were no monsters in sight!

Vanquished Creatures
  2 dart slugs (D:1)
  2 ball pythons (D:1)
  2 endoplasms (D:1)
  A giant cockroach (D:1)
  A hobgoblin (D:1)
  3 jackals (D:1)
  2 frilled lizards (D:1)
  2 kobolds (D:1)
  2 rats (D:1)
17 creatures vanquished.

Vanquished Creatures (others)
  4 plants (D:1)
4 creatures vanquished.

Grand Total: 21 creatures vanquished

Notes
Turn   | Place    | Note
-------+----------+-------------------------------------------
     0 | D:1      | Alarak the Hill Orc Monk began the quest for the Orb.
     0 | D:1      | Reached XP level 1. HP: 19/19 MP: 1/1
   251 | D:1      | Reached XP level 2. HP: 23/26 MP: 2/2
   536 | D:1      | Reached skill level 5 in Axes
  1334 | D:1      | Found a faded altar of an unknown god.
  1353 | D:1      | Prayed at the altar of an unknown god.
  1353 | D:1      | Became a worshipper of Kikubaaqudgha
  1353 | D:1      | Reached * piety under Kikubaaqudgha
  1353 | D:1      | Received a gift from Kikubaaqudgha
  1353 | D:1      | Reached ** piety under Kikubaaqudgha
  1388 | D:$      | Got out of the dungeon alive.

Illustrated notes

Levels and vault maps discovered:
D:1:      ncdulo_wetmaze, layout_basic, dilly_ecumenical_altar_fadedgnrine,
          wander_ebering_terrifying_dragon_lair

Skill      XL: |  1  2 |
---------------+-------+-----
Axes           | 5 |  5.3
Fighting       | |  3.6
Dodging        | |  2.4
Stealth        | |  1.5

Action                   || total
-------------------------++-------
Melee: Hand axe          ||    65
       Punch             ||     1
 Stab: Sleeping          ||     2
Armor: Scale mail        ||    25
       Robe              ||     3
Dodge: Dodged            ||    29

Table legend: (Time is in decaauts)
 A = Elapsed time spent in this place.
 B = Non-inter-level travel time spent in this place.
 C = Inter-level travel time spent in this place.
 D = Time resting spent in this place.
 E = Time spent auto-exploring this place.
 F = Levels seen in this place.
 G = Mean time per level.
                   A        B        C        D        E       F      G
               +--------+--------+--------+--------+--------+-----+--------+
         Total |   1402 |   1326 |     76 |      0 |   1168 |   1 | 1402.0 |
       Dungeon |   1402 |   1326 |     76 |      0 |   1168 |   1 | 1402.0 |
               +--------+--------+--------+--------+--------+-----+--------+

Top non-repeatable levels by time:
     D:1: 1402 daAuts
